Selects Indian Artillery Battlegroup
Selects Indian Artillery Battlegroup
Construct Section Command Post
Selects Towed ML 4.2-inch Heavy Mortar
Towed ML 4.2-inch Heavy Mortar
Construct Platoon Command Post
6-pounder Anti-tank Gun Team
Selects Gurkha Rifles Section
6-pounder Anti-tank Gun Team
Selects Volunteer Infantry
Construct Company Command Post
Selects Off-map Airburst Barrage
Selects BL5.5 Artillery Emplacement